 Dungeon Crawl Stone Soup version 0.29-a0-676-ga64570c9d2 (webtiles) character file.

Game seed: 474569974019584201

4587 wingedge the Schismatic (level 10, -7/76 HPs)
             Began as a Demonspawn Abyssal Knight on June 24, 2022.
             Was an Elder of Lugonu.
             Mangled by Amaemon
             ... wielding a -2 demon whip of venom
              (11 damage)
             ... on level 8 of the Dungeon.
             The game lasted 00:35:20 (8800 turns).

wingedge the Schismatic (Demonspawn Abyssal Knight) Turns: 8800, Time: 00:35:20

Health: -7/76      AC: 11    Str: 21    XL:     10   Next: 18%
Magic:  25/25      EV: 12    Int: 11    God:    Lugonu [****..]
Gold:   530        SH:  5    Dex: 19    Spells: 9/9 levels left

rFire   . . .      SeeInvis .   a - +4 flail of the Cup {venom, Str+5 Dex+3}
rCold   + . .      Faith    .   B - +0 buckler
rNeg    . . .      Spirit   .   E - +2 scale mail {rC+}
rPois   .          Reflect  .   (helmet restricted)
rElec   .          Harm     .   H - +0 cloak
rCorr   .          Rampage  .   c - +0 pair of gloves
Will    .....                   (no boots)
Stlth   ..........              (no amulet)
HPRegen 0.22/turn               r - ring of magical power
MPRegen 0.19/turn               (no ring)

@: mighty, lethally poisoned (-7 -> -36)
A: claws 2, horns 2, foul stench 2, weakness stinger 1
a: Renounce Religion, Depart the Abyss, Bend Space, Banish, Corrupt


You were on level 8 of the Dungeon.
You worshipped Lugonu.
Lugonu was greatly pleased with you.
You visited 1 branch of the dungeon, and saw 8 of its levels.
You visited the Abyss 1 time.

You collected 530 gold pieces.

Inventory:

Hand Weapons
 a - the +4 flail of the Cup (weapon) {venom, Str+5 Dex+3}
   (You found it on level 4 of the Dungeon)

   It poisons the flesh of those it strikes.
   Str:       It affects your strength (+5).
   Dex:       It affects your dexterity (+3).
 b - the +7 mace of Pigrush {vorpal, rF+ Stlth+}
   (You found it on level 6 of the Dungeon)

   It inflicts extra damage upon your enemies.
   rF:        It protects you from fire.
   Stlth:     It makes you more stealthy.
Missiles
 z - 3 boomerangs of dispersal
 A - 2 javelins
Armour
 c - a +0 pair of gloves (worn)
 n - an orb of light
 w - a +2 robe of willpower
 B - a +0 buckler (worn)
 E - a +2 scale mail of cold resistance (worn)
 H - a +0 cloak (worn)
Jewellery
 r - a ring of magical power (left hand)
 t - a ring of ice
 y - a ring of ice
 J - a ring of flight
Wands
 m - a wand of iceblast (4)
 I - a wand of flame (15) (quivered)
Scrolls
 d - 3 scrolls of teleportation
 f - a scroll of fog
 h - 2 scrolls of fear {unknown}
 l - 3 scrolls of immolation
 q - 4 scrolls of enchant armour {unknown}
 s - a scroll of summoning {unknown}
 C - a scroll of noise {unknown}
 F - a scroll of enchant weapon {unknown}
 G - a scroll of identify
Potions
 e - 5 potions of mutation
 g - 2 potions of resistance {unknown}
 i - 2 potions of haste {unknown}
 j - a potion of cancellation {unknown}
 k - 2 potions of curing {unknown}
 o - 4 potions of heal wounds
 p - 3 potions of lignification {unknown}
 v - a potion of attraction {unknown}
 x - a potion of might
 D - a potion of brilliance {unknown}


   Skills:
 + Level 6.2 Fighting
 - Level 3.0 Long Blades
 * Level 6.2 Maces & Flails
 + Level 5.0 Armour
 + Level 4.7 Dodging
 * Level 3.3 Shields
 + Level 8.5 Invocations
 + Level 5.2 Evocations


You had 9 spell levels left.
You didn't know any spells.
Your spell library contained the following spells:

 Spells                   Type           Power      Damage    Failure   Level
 Call Canine Familiar     Summ           0%         N/A       98%         3
 Conjure Flame            Conj/Fire      0%         6-21      98%         3
 Ignite Poison            Fire/Tmut/Pois 0%         N/A       98%         3
 Inner Flame              Hex/Fire       0%         N/A       98%         3
 Portal Projectile        Hex/Tloc       0%         N/A       98%         3
 Tukima's Dance           Hex            0%         N/A       98%         3
 Cause Fear               Hex            0%         N/A       100%        4
 Leda's Liquefaction      Hex/Erth       0%         N/A       100%        4
 Sticky Flame             Conj/Fire      0%         2d3       100%        4
 Blade Hands              Tmut           0%         N/A       100%        5
 Summon Forest            Summ/Tloc      0%         N/A       100%        5
 Summon Mana Viper        Hex/Summ       0%         N/A       100%        5
 Summon Cactus Giant      Summ           0%         N/A       100%        6
 Discord                  Hex            0%         N/A       100%        8


Dungeon Overview and Level Annotations

Branches:
Dungeon (8/15)             Temple (0/1) D:7
   Lair: D:8-11

Altars:
Ashenzari
Cheibriados
Dithmenos
Elyvilon
Kikubaaqudgha
Makhleb
Trog
Wu Jian

Shops:
D:7 *

Portals:
Abyss: D:3

Annotations:
D:3 2 transporters, happo123's ghost, weakling GrCj
D:8 Amaemon


Innate Abilities, Weirdness & Mutations

You have very sharp fingernails.
You have a pair of horns on your head.
You sometimes emit foul miasma when damaged in melee.
You have a small tail.


Message History

The scorpion poisons you! Amaemon hits you but does no damage.
You are more poisoned.
Amaemon closely misses you. Amaemon tail-slaps you.
* * * LOW HITPOINT WARNING * * *
It was a potion of heal wounds.
You feel much better.
You feel extremely sick.
The scorpion disappears in a puff of smoke!
The scorpion closely misses you.
The scorpion stings you but does no damage.
The scorpion stings you.
Amaemon hits you with a -2 demon whip of venom.
You are more poisoned.
Amaemon claws you.
Amaemon tail-slaps you but does no damage.
The scorpion barely misses you.
The scorpion stings you but does no damage.
The scorpion misses you.
You barely miss Amaemon.
Amaemon is severely wounded.
* * * LOW HITPOINT WARNING * * *
You feel extremely sick.
Amaemon shouts, "You think you're better than me?"
Amaemon hits you but does no damage.
You are more poisoned.
Amaemon closely misses you. x2; You block the scorpion's attack.
The scorpion closely misses you. The scorpion misses you.
Unknown command.
You strike the helpless Amaemon from behind!
You bludgeon Amaemon!!
Amaemon looks as sick as possible!
Amaemon is almost dead.
* * * LOW HITPOINT WARNING * * *
You feel extremely sick.
Amaemon is no longer blind.
Amaemon gestures at the scorpion while chanting.
The scorpion seems to grow toxic.
The scorpion barely misses you. The scorpion stings you.
* * * LOW HITPOINT WARNING * * *
The scorpion stings you but does no damage.
Amaemon hits you with a -2 demon whip of venom!
You die...

....##..##.#......#.##.#....#
#.......#....#..............#
#.......#....#..............#
#.......#....#..............#
#.......##...##.............#
##..##..##...##........##.).#
##..######.......[.<...######
##..#...#.......ss..........#
+...'...#....##s@##.........#
....##..##...##6.##....##...#
........##...##..##....######
###.....##..<##.............#
≈≈#≈#...........#########...#
≈≈≈≈#...........#.......#...#
≈#≈≈##.......##.#.###...###.#
≈≈≈≈≈#.###+####.#.#.#._.....#
≈≈≈#≈≈..##...##.#.###...###.#


You could see Amaemon (extremely poisoned) and 3 scorpions.

Vanquished Creatures
  Erica (D:8)
  Joseph (D:7)
  An orange demon (D:8)
  Prince Ribbit (D:7)
  A hornet (D:7)
  Grinder (D:6)
  A yak (D:4)
  2 steam dragons
  2 ice beasts
  3 sky beasts
  A black bear (D:5)
  2 orc warriors
  Blork the orc (D:5)
  A gnoll sergeant (D:8)
  A necrophage (D:6)
  4 scorpions
  3 wights (D:7)
  3 killer bees (D:7)
  3 electric eels
  A jelly (D:4)
  3 hounds
  4 orc priests
  Crazy Yiuf (D:7)
  4 iguanas
  8 orc wizards
  3 gnolls (D:8)
  15 adders
  An ufetubus (D:7)
  3 dart slugs
  24 orcs
  10 ball pythons
  10 endoplasms
  4 giant cockroaches
  7 goblins
  6 hobgoblins
  7 jackals (D:2)
  3 quokkas
  5 bats
  4 frilled lizards
  7 kobolds
  3 rats
166 creatures vanquished.

Vanquished Creatures (others)
  A wizard (D:8)
1 creature vanquished.

Grand Total: 167 creatures vanquished

Notes
Turn   | Place    | Note
-------+----------+-------------------------------------------
     0 | Abyss:1  | wingedge the Demonspawn Abyssal Knight began the quest for
                  | the Orb.
     0 | Abyss:1  | Reached XP level 1. HP: 18/18 MP: 2/2
    51 | D:1      | Escaped the Abyss
   206 | D:1      | Reached skill level 1 in Dodging
   436 | D:1      | Discovered your monstrous ancestry.
   436 | D:1      | Gained mutation: You have a small tail. [demonic ancestry]
   436 | D:1      | Reached XP level 2. HP: 24/24 MP: 3/3
   447 | D:1      | Reached ** piety under Lugonu
   968 | D:2      | Found a faded altar of an unknown god.
  1117 | D:2      | Gained mutation: You have a pair of small horns on your
                  | head. [demonic ancestry]
  1117 | D:2      | Reached XP level 3. HP: 27/29 MP: 5/5
  2068 | D:3      | Gained mutation: You may rarely emit foul miasma when
                  | damaged in melee. [demonic ancestry]
  2068 | D:3      | Reached XP level 4. HP: 36/36 MP: 6/6
  2073 | D:3      | Reached skill level 3 in Invocations
  2214 | D:3      | Found a one-way gate to the infinite horrors of the Abyss.
  2214 | D:3      | Noticed happo123's ghost (weakling GrCj)
  2255 | D:3      | Noticed a small abomination
  2373 | D:3      | Found a transporter.
  2375 | D:3      | Found a transporter.
  2566 | D:3      | Reached *** piety under Lugonu
  2935 | D:4      | Found a shadowy altar of Dithmenos.
  2940 | D:4      | Found an ornate altar of the Wu Jian Council.
  2959 | D:4      | Identified the +4 flail of the Cup {venom, Str+5 Dex+3}
  3136 | D:4      | Reached XP level 5. HP: 29/42 MP: 7/7
  3141 | D:4      | Reached skill level 1 in Maces & Flails
  3655 | D:4      | Found a snail-covered altar of Cheibriados.
  3700 | D:4      | Noticed a yak
  3710 | D:4      | Killed a yak
  3711 | D:4      | Reached skill level 4 in Invocations
  3711 | D:4      | Reached skill level 1 in Evocations
  3711 | D:4      | Gained mutation: You have a pair of horns on your head.
                  | [demonic ancestry]
  3711 | D:4      | Reached XP level 6. HP: 41/48 MP: 7/9
  3938 | D:4      | Found an ancient bone altar of Kikubaaqudgha.
  4120 | D:5      | Entered Level 5 of the Dungeon
  4127 | D:5      | Gained mutation: You have sharp fingernails. [demonic
                  | ancestry]
  4127 | D:5      | Reached XP level 7. HP: 51/55 MP: 10/10
  4442 | D:5      | Found a broken altar of Ashenzari.
  4505 | D:5      | Noticed Blork the orc
  4513 | D:5      | Killed Blork the orc
  4605 | D:5      | Reached **** piety under Lugonu
  5133 | D:6      | Noticed a steam dragon
  5146 | D:6      | Killed a steam dragon
  5147 | D:6      | Reached skill level 5 in Invocations
  5147 | D:6      | Gained mutation: You sometimes emit foul miasma when
                  | damaged in melee. [demonic ancestry]
  5147 | D:6      | Reached XP level 8. HP: 38/61 MP: 11/11
  5290 | D:6      | Reached skill level 5 in Fighting
  5917 | D:6      | Reached skill level 6 in Invocations
  5953 | D:6      | Found a burning altar of Makhleb.
  6078 | D:6      | Noticed Grinder
  6087 | D:6      | Killed Grinder
  6099 | D:6      | Identified the +7 mace of Pigrush {vorpal, rF+ Stlth+}
  6387 | D:7      | Noticed Joseph
  6397 | D:7      | Killed Joseph
  6398 | D:7      | Reached skill level 5 in Maces & Flails
  6398 | D:7      | Gained mutation: You have very sharp fingernails. [demonic
                  | ancestry]
  6398 | D:7      | Reached XP level 9. HP: 37/68 MP: 14/14
  6555 | D:7      | Found Keobb's Lightly-Used Armoury.
  6573 | D:7      | Found a staircase to the Ecumenical Temple.
  6773 | D:7      | Reached skill level 1 in Shields
  6823 | D:7      | Noticed Prince Ribbit
  6828 | D:7      | Reached skill level 7 in Invocations
  6832 | D:7      | Killed Prince Ribbit
  7661 | D:7      | Found a runed translucent door.
  7662 | D:7      | Noticed Crazy Yiuf
  7669 | D:7      | Killed Crazy Yiuf
  7825 | D:8      | Noticed Erica
  7853 | D:8      | Killed Erica
  7854 | D:8      | Reached skill level 8 in Invocations
  7854 | D:8      | Reached skill level 5 in Evocations
  7929 | D:8      | Found a bloodstained altar of Trog.
  7953 | D:8      | Noticed a wizard
  7956 | D:8      | Killed a wizard
  8095 | D:8      | Reached XP level 10. HP: 50/76 MP: 16/16
  8127 | D:8      | Noticed an orange demon
  8145 | D:8      | Killed an orange demon
  8623 | D:8      | Reached skill level 5 in Armour
  8780 | D:8      | Noticed Amaemon
  8800 | D:8      | Mangled by Amaemon

Illustrated notes

Levels and vault maps discovered:
D:1:      eino_arrival_cavern_d, layout_loops_ring
D:2:      layout_basic, shapermc_ecumenical_altar_starsandcircs
D:3:      layout_loops_cross, mainiacjoe_overflow_six_doors_small,
          gammafunk_ghost_abyssal_escape, minmay_box_of_dots
D:4:      cheibrodos_helix_gallery, layout_basic, mainiacjoe_overflow_alcove_1,
          overflow_temple_1_default, grunt_temple_overflow_open
D:5:      layout_basic, mainiacjoe_overflow_boulevard, minmay_statues_item,
          uniq_blork_the_orc
D:6:      layout_basic, lemuel_coloured_pillars_altar, minmay_misc_feat_tower,
          minmay_misc_feat_room, uniq_grinder
D:7:      layout_rooms, minmay_temple_entry_junction, nicolae_benzene_ring,
          kennysheep_cross_room, minmay_shop_damaged, uniq_prince_ribbit1,
          uniq_joseph, uniq_crazy_yiuf_cottage
D:8:      layout_gridville, trog_wizard, minivault_4, uniq_erica, uniq_amaemon

Skill      XL: |  1  2  3  4  5  6  7  8  9 10 |
---------------+-------------------------------+-----
Dodging        | 1 2 3 4 |  4.7
Long Blades    | 2 3 |  3.0
Armour         | 2 3 4 5 |  5.0
Invocations    | 3 4 5 6 8 |  8.5
Maces & Flails | 2 3 5 6 |  6.2
Fighting       | 4 5 6 |  6.2
Evocations     | 1 3 4 5 |  5.2
Shields        | 3 |  3.3

Action                   |  1- 3 |  4- 6 |  7- 9 | 10-12 || total
-------------------------+-------+-------+-------+-------++-------
Melee: Falchion          |   103 |    44 |       |       ||   147
       Tailslap          |     6 |     6 |    21 |     3 ||    36
       Punch             |     2 |       |       |       ||     2
       Headbutt          |     9 |    15 |    30 |     8 ||    62
       Flail             |       |    36 |   155 |    20 ||   211
       Mace              |       |       |    17 |    10 ||    27
Throw: Dart              |       |     2 |       |       ||     2
Invok: Depart the Abyss  |     1 |       |       |       ||     1
Evoke: Wand              |       |     2 |     7 |     6 ||    15
  Use: Scroll            |       |       |     4 |       ||     4
       Potion            |       |       |       |     2 ||     2
 Stab: Invisible         |       |       |     7 |     2 ||     9
Armor: Ring mail         |    41 |    30 |    10 |       ||    81
       Robe              |       |       |    12 |       ||    12
       Plate armour      |       |       |    34 |    11 ||    45
       Scale mail        |       |       |       |    12 ||    12
Dodge: Dodged            |    34 |    37 |    91 |    31 ||   193
Block: Buckler           |       |       |     6 |    16 ||    22

Table legend: (Time is in decaauts)
 A = Elapsed time spent in this place.
 B = Non-inter-level travel time spent in this place.
 C = Inter-level travel time spent in this place.
 D = Time resting spent in this place.
 E = Time spent auto-exploring this place.
 F = Levels seen in this place.
 G = Mean time per level.
                   A        B        C        D        E       F      G
               +--------+--------+--------+--------+--------+-----+--------+
         Total |   8873 |   8704 |    169 |   2053 |   5058 |   9 |  985.9 |
       Dungeon |   8822 |   8653 |    169 |   2053 |   5009 |   8 | 1102.8 |
         Abyss |     51 |     51 |      0 |      0 |     49 |   1 |   51.0 |
               +--------+--------+--------+--------+--------+-----+--------+

Top non-repeatable levels by time:
     D:7: 1463 daAuts
     D:6: 1263 daAuts
     D:4: 1227 daAuts
     D:2: 1106 daAuts
     D:5: 1024 daAuts
     D:8: 964 daAuts
     D:1: 903 daAuts
     D:3: 866 daAuts
 Abyss:1: 51 daAuts
